 Dungeon Crawl Stone Soup version 0.25-a0-737-g26c3a87c45 (webtiles) character file.

Game seed: 5396888398249889245, levelgen mode: deterministic

5 Maedhros the Charlatan (level 1, -2/13 HPs)
             Began as an Octopode Artificer on Apr 12, 2020.
             Killed from afar by a dart slug (7 damage)
             ... with a slug dart
             ... on level 1 of the Dungeon.
             The game lasted 00:00:06 (73 turns).

Maedhros the Charlatan (Octopode Artificer)           Turns: 73, Time: 00:00:07

Health: -2/13      AC:  1    Str: 11    XL:     1   Next: 80%
Magic:  3/3        EV: 13    Int: 13    God:
Gold:   0          SH:  0    Dex: 12    Spells: 0/0 levels left

rFire    . . .     SeeInvis .   a - +0 short sword
rCold    . . .     Gourm    .   (no shield)
rNeg     . . .     Faith    .   (helmet restricted)
rPois    .         Spirit   .   (no amulet)
rElec    .         Reflect  .   (no ring)
rCorr    .         Harm     .   (no ring)
MR       .....                  (no ring)
Stlth    +++.......             (no ring)
HPRegen  0.04/turn              (no ring)
MPRegen  0.08/turn              (no ring)
                                (no ring)
                                (no ring)

@: no status effects
A: almost no armour, stealthy swim, amphibious, 8 rings, constrict 8, camouflage
1, gelatinous body 1
a: no special abilities


You were on level 1 of the Dungeon.
You were not hungry.

You visited 1 branch of the dungeon, and saw 1 of its levels.

Inventory:

Hand Weapons
 a - a +0 short sword (weapon)
Wands
 b - a wand of flame (15)
 c - a wand of enslavement (15)
 d - a wand of random effects (15)
Potions
 e - a potion of degeneration {unknown}
Comestibles
 f - a ration


   Skills:
 - Level 1.0 Fighting
 - Level 1.0 Short Blades
 - Level 2.0 Dodging
 + Level 2.1 Stealth
 + Level 0.8 Unarmed Combat
 - Level 3.2 Evocations


You couldn't memorise any spells.
You didn't know any spells.
Your spell library was empty.

Dungeon Overview and Level Annotations

Branches:
Dungeon (1/15)

Altars:


Innate Abilities, Weirdness & Mutations

You cannot wear most types of armour.
You are very stealthy in the water. (Stealth+)
You are amphibious.
You can wear up to eight rings at the same time.
You can use your tentacles to constrict eight enemies at once.
Your skin changes colour to match your surroundings (Stealth+).
Your rubbery body absorbs attacks. (AC +1, EV +1)


Message History

You kill the rat!
You hit the kobold. You grab the kobold.
The kobold is moderately wounded.
You constrict the kobold. The kobold hits you with a +0 dagger.
You hit the kobold.
You kill the kobold!
You closely miss the kobold. Your grab misses the kobold.
The kobold closely misses you.
You barely miss the kobold. Your grab misses the kobold.
Your squeeze misses the kobold. The kobold barely misses you.
You closely miss the kobold. You grab the kobold.
You constrict the kobold, but do no damage.
The kobold hits you with a +0 short sword.
You hit the kobold. You squeeze the kobold.
You kill the kobold!
Your Stealth skill increases to level 2!
The dart slug launches a dart at you. The slug dart hits you!
Ouch! That really hurt!
You die...

# ###.## ##.# .# .#.
###.#.[ ..# .#
....#.....# #.# .#
.#..#.#.#(#####.####.####
........)................
.............?.......#
.......(.w...........###.
.#.#....#)#####.###..##.#
#.K..#@# #.# #..##.#
.....w..#.# #.# #..##.#
..........# #.# #..##.#
........... ..# #..##.#
........#.# ##.# #..##.#
...........
....###..##.##
.......####
#............. ....
...........## #+#
##...........


You could see a dart slug.

Vanquished Creatures
  A goblin (D:1)
  2 kobolds (D:1)
  A bat (D:1)
  A rat (D:1)
5 creatures vanquished.

Notes
Turn   | Place    | Note
-------+----------+-------------------------------------------
     0 | D:1      | Maedhros the Octopode Artificer began the quest for the
                  | Orb.
     0 | D:1      | Reached XP level 1. HP: 13/13 MP: 3/3
    73 | D:1      | Killed from afar by a dart slug

Levels and vault maps discovered:
D:1:      roderic_octagonal_star, layout_basic

Skill      XL: |  1 |
---------------+----+-----
Stealth        | 2 |  2.1
Fighting       | |  1.0
Short Blades   | |  1.0
Dodging        | |  2.0
Unarmed Combat | |  0.8
Evocations     | |  3.2

Action                   || total
-------------------------++-------
Melee: Short sword       ||    12
       Constrict         ||     5
       Tentacles         ||     3
Armor: Skin              ||     2
Dodge: Dodged            ||    11

Table legend:
 A = Non-vault XP
 B = Vault XP
 C = Vault XP percentage of total XP
 D = Non-vault monster count
 E = Vault monster count
 F = Vault count percentage of total count
                 A         B        C        D         E       F
            +---------+---------+-------+---------+---------+-------
      Total |       8 |       0 |   0.0 |       5 |       0 |   0.0
            +---------+---------+-------+---------+---------+-------
        D:1 |       8 |       0 |   0.0 |       5 |       0 |   0.0
            +---------+---------+-------+---------+---------+-------
